 Dungeon Crawl Stone Soup version 0.18-a0-1088-g34ef3a2 (webtiles) character file.

50439 xgamer67 the Unseen (level 14, -10/92 HPs)
             Began as an Octopode Enchanter on Jan 15, 2016.
             Was a High Priest of Dithmenos.
             Mangled by an orc warrior
             ... wielding a +0 battleaxe
             ... led by an orc knight
              (35 damage)
             ... on level 2 of the Orcish Mines.
             The game lasted 01:41:12 (24236 turns).

xgamer67 the Unseen (Octopode Enchanter)           Turns: 24236, Time: 01:41:12

Health: -10/92     AC:  4    Str:  7    XL:     14   Next: 55%
Magic:  31/33      EV: 14    Int: 27    God:    Dithmenos [*****.]
Gold:   932        SH:  4    Dex: 17    Spells: 7 memorised, 2 levels left

rFire  + . .     SeeInvis +     b - +5 scimitar "Ywe Noex" {drain, rF+ rN+ Int+4}
rCold  + . .     Gourm    .     (no shield)
rNeg   + + +     Faith    .     (helmet restricted)
rPois  +         Spirit   .     g - +4 amulet of reflection
rElec  +         Dismiss  .     x - ring of magical power
rCorr  .         Reflect  +     I - +3 ring of protection
SustAt .         Harm     .     J - ring of positive energy
MR     +....                    W - ring "Ebrabo Bourch" {rElec rPois rN+}
Stlth  ++++++++++               u - ring of protection from cold
                                G - ring of see invisible
                                Y - ring of wizardry
                                l - +5 ring of dexterity

@: wreathed by umbra, somewhat resistant to hostile enchantments, uncannily
stealthy
A: almost no armour, amphibious, 8 rings, constrict 8, camouflage 1, gelatinous
body 1
a: Shadow Step, Shadow Form, Renounce Religion


You were on level 2 of the Orcish Mines.
You worshipped Dithmenos.
Dithmenos was extremely pleased with you.
You were hungry.

You visited 3 branches of the dungeon, and saw 21 of its levels.
You also visited: Labyrinth.

You collected 1524 gold pieces.
You spent 592 gold pieces at shops.

Inventory:

Hand Weapons
 a - a +1 dagger of protection
 b - the +5 scimitar "Ywe Noex" (weapon) {drain, rF+ rN+ Int+4}
   (You found it on level 10 of the Dungeon)

   A truly terrible weapon, it drains the life of those it strikes.
   It affects your intelligence (+4).
   It protects you from fire.
   It protects you from negative energy.
Missiles
 O - 6 tomahawks of dispersal
 U - 7 javelins (quivered)
Rods
 A - a +4 iron rod (12/12)
   (You found it in a labyrinth)
 K - a +4 rod of inaccuracy (9/9)
   (You found it in a labyrinth)
Jewellery
 g - a +4 amulet of reflection (around mantle)
 l - a +5 ring of dexterity (on tentacle)
 u - a ring of protection from cold (on tentacle)
 x - a ring of magical power (left tentacle)
 G - a ring of see invisible (on tentacle)
 I - a +3 ring of protection (right tentacle)
 J - a ring of positive energy (on tentacle)
 W - the ring "Ebrabo Bourch" (on tentacle) {rElec rPois rN+}
   (You bought it in a shop on level 6 of the Dungeon)

   [ring of positive energy]

   It insulates you from electricity.
   It protects you from poison.
   It protects you from negative energy.
 Y - a ring of wizardry (on tentacle)
Wands
 k - a wand of teleportation (3/9)
 n - a wand of polymorph (12/24)
 y - a wand of paralysis (10/24)
 z - a wand of disintegration (15/24)
 N - a wand of teleportation (1/9)
 P - a wand of lightning (6/15)
Scrolls
 h - a scroll of blinking {unknown}
 q - 2 scrolls of fear
 t - 14 scrolls of remove curse
 v - 3 scrolls of teleportation
 B - a scroll of fog {unknown}
 H - a scroll of immolation {unknown}
 S - 3 scrolls of recharging
Potions
 d - 4 potions of brilliance
 e - 3 potions of haste
 f - 3 potions of resistance
 j - 6 potions of curing
 o - 2 potions of heal wounds
 p - 3 potions of agility
 w - a potion of mutation {unknown}
 C - 2 potions of might
 E - 6 potions of flight
 T - a potion of cancellation
 V - a potion of poison {unknown}
 Z - a potion of invisibility
Books
 s - a book of Frost

   Spells                             Type                      Level
   a - Freeze                         Ice                          1
   b - Throw Frost                    Conjuration/Ice              2
   c - Ozocubu's Armour               Charms/Ice                   3
   d - Throw Icicle                   Conjuration/Ice              4
   e - Summon Ice Beast               Ice/Summoning                4
   f - Condensation Shield            Ice                          4
 F - a book of Dreams

   Spells                             Type                      Level
   a - Ensorcelled Hibernation        Hexes/Ice                    2
   b - Phase Shift                    Translocation                5
   c - Silence                        Hexes/Air                    5
   d - Darkness                       Hexes                        6
   e - Mass Confusion                 Hexes                        6
   f - Shadow Creatures               Summoning                    6
 L - a book of Necromancy

   Spells                             Type                      Level
   a - Pain                           Necromancy                   1
   b - Animate Skeleton               Necromancy                   1
   c - Vampiric Draining              Necromancy                   3
   d - Regeneration                   Charms/Necromancy            3
   e - Animate Dead                   Necromancy                   4
   f - Control Undead                 Necromancy                   4
Miscellaneous
 r - an ornate deck of defence {drawn: 2}
 R - a crystal ball of energy
Comestibles
 c - 5 chunks of flesh
 i - 11 beef jerkies
 m - a slice of pizza
 D - 11 meat rations
 M - 9 royal jellies
 Q - 9 bread rations


   Skills:
 - Level 7.0 Fighting
 - Level 9.0(10.6) Short Blades
 + Level 9.3(10.8) Long Blades
 + Level 9.1 Dodging
 - Level 15.1 Stealth
 - Level 7.0 Spellcasting
 - Level 3.0 Conjurations
 - Level 11.0 Hexes
 - Level 3.0 Charms
 - Level 3.0 Ice Magic
 - Level 3.0 Air Magic
 + Level 5.9 Invocations


You had 2 spell levels left.
You knew the following spells:

 Your Spells              Type           Power        Failure   Level  Hunger
a - Dazzling Spray        Conj/Hex       #####...     1%          3    None
b - Ensorcelled Hibernat  Hex/Ice        #####.       1%          2    None
c - Confuse               Hex            ######..     1%          3    None
d - Darkness              Hex            ######....   4%          6    ######.
e - Tukima's Dance        Hex            ######..     1%          3    None
O - Ozocubu's Armour      Chrm/Ice       ####....     2%          3    None
S - Silence               Hex/Air        #####.....   4%          5    #####..


Dungeon Overview and Level Annotations

Branches:
Dungeon (11/15)            Temple (0/1) D:6            Lair (8/8) D:9
 Shoals (0/4) Lair:3        Snake (0/4) Lair:3          Orc (2/2) D:11
  Slime: Lair:6-8       Elf: Orc:2

Altars:
Cheibriados
Dithmenos
Elyvilon
Makhleb
Okawaru
Ru
Sif Muna
Xom
Yredelemnul

Shops:
D:6 =   D:9 !   Orc:1 [[   Orc:2 *

Annotations:
D:6 nublet's ghost, novice CeFE
D:7 Dowan; Duvessa
D:10 exclusion: obsidian statue
Lair:5 exclusion: downstairs


Innate Abilities, Weirdness & Mutations

You cannot wear most types of armour.
You are amphibious.
You can wear up to eight rings at the same time.
You can use your tentacles to constrict eight enemies at once.
Your skin changes colour to match your surroundings (Stealth).
Your rubbery body absorbs attacks (AC +1).


Message History

The orc knight resists with some effort.
The orc sorcerer shouts!
The orc warrior completely misses you.
The orc knight hits you with a war axe!!
You emit a cloud of dark smoke.
The warg bites you. The warg misses you.
Unknown command.
Unknown command.
Unknown command.
The orc sorcerer howls an incantation.
You feel disoriented. The orc knight hits you with a war axe!
The orc sorcerer shouts, "You can't withstand my power!"
The orc sorcerer gestures at you while chanting.
The bolt of negative energy misses you.
There is a stone staircase leading up here.
The warg bites you!
* * * LOW HITPOINT WARNING * * *
The orc warrior hits you with a battleaxe!!
You die...

....8....#.....#.....#
......#.............##
.......$.............#
.........)...........#
.....................#
....#..).............#
.....$.).......)....##
.......).h...........#
........@o...§§.....##
.........o...§§§....#
.......$.....§§§§§..##
....<......o§§§§§§...#
.............§§§§.#.##
............§§§§..###
...............$.#
..........##......
..... ........


You could see an orc knight, a warg, an orc sorcerer and an orc warrior
(frenzied).

Vanquished Creatures
  Snorg (D:11)
  A minotaur (Lab)
  6 hydras
  2 hill giants
  An oklob plant (D:7)
  A griffon (Lair:3)
  An ugly thing (D:11)
  10 elephants
  Joseph (D:9)
  4 black mambas
  Maurice (D:11)
  2 gargoyles (Lab)
  Psyche (D:9)
  A torpor snail (Lair:4)
  9 komodo dragons
  11 spiny frogs
  8 fire drakes
  3 trolls
  2 polar bears
  19 blink frogs
  A snapping turtle (Lair:3)
  A minotaur skeleton (Lab)
  54 yaks
  9 wyverns
  9 hungry ghosts
  12 hippogriffs
  2 basilisks (Lair:6)
  Edmund (D:4)
  A soldier ant (D:8)
  A warg (Orc:1)
  A naga (Lair:3)
  19 water moccasins
  2 hell hounds (Lair:6)
  12 porcupines
  5 orc warriors
  5 sky beasts
  An ice beast (D:7)
  A phantom (D:9)
  2 wasps (D:8)
  A black bear (D:9)
  8 ogres
  3 centaurs
  16 crocodiles
  2 big kobolds (D:7)
  The ghost of ater218 the Grave Robber, an amateur DENe of Sif Muna (D:3)
  14 giant frogs
  An earth elemental (Lab)
  A scorpion (D:4)
  19 killer bees
  2 crimson imps (D:5)
  2 giant frog zombies
  A quasit (D:8)
  A centaur zombie (D:7)
  Crazy Yiuf (D:4)
  7 orc priests
  5 hounds
  12 jellies
  4 centaur skeletons
  A giant frog skeleton (D:10)
  5 iguanas
  10 orc wizards
  8 worker ants
  A killer bee zombie (D:7)
  15 sheep
  A hound zombie (D:7)
  2 hound skeletons
  Robin (D:4)
  3 worker ant zombies
  6 gnolls (D:6)
  16 adders
  24 river rats
  A shadow imp (D:6)
  11 oozes (D:7)
  A worm (D:2)
  4 giant geckos
  65 orcs
  2 ball pythons
  5 bats
  7 giant cockroaches
  18 goblins
  9 hobgoblins
  10 jackals
  5 quokkas
  2 giant newts
  19 kobolds
  3 quokka skeletons
  11 rats
  2 fungi (D:4)
  3 plants (Lair:6)
596 creatures vanquished.

Vanquished Creatures (collateral kills)
  An orc warrior (D:11)
  An orc (D:9)
2 creatures vanquished.

Vanquished Creatures (others)
  26 fungi
  19 plants
45 creatures vanquished.

Grand Total: 643 creatures vanquished

Notes
Turn   | Place    | Note
--------------------------------------------------------------
     0 | D:1      | xgamer67 the Octopode Enchanter began the quest for the Orb.
     0 | D:1      | Reached XP level 1. HP: 11/11 MP: 3/3
   409 | D:1      | Reached XP level 2. HP: 12/17 MP: 5/5
   413 | D:1      | Learned a level 2 spell: Ensorcelled Hibernation
  1014 | D:1      | Reached skill level 1 in Ice Magic
  1244 | D:1      | Reached skill level 5 in Stealth
  1294 | D:1      | Reached XP level 3. HP: 21/21 MP: 6/6
  1374 | D:1      | Learned a level 3 spell: Confuse
  2193 | D:2      | Reached XP level 4. HP: 27/27 MP: 7/7
  2637 | D:3      | Noticed ater218's ghost (amateur DENe)
  2924 | D:4      | Reached XP level 5. HP: 31/31 MP: 5/8
  2946 | D:4      | Noticed Robin
  2965 | D:4      | Killed Robin
  2965 | D:4      | Reached skill level 6 in Stealth
  3484 | D:4      | Reached XP level 6. HP: 36/36 MP: 9/9
  3545 | D:4      | Found a deep blue altar of Sif Muna.
  3611 | D:4      | Reached skill level 7 in Stealth
  3682 | D:4      | Reached skill level 5 in Hexes
  3793 | D:4      | Learned a level 3 spell: Tukima's Dance
  4064 | D:4      | Found a sacrificial altar of Ru.
  4208 | D:4      | Noticed Crazy Yiuf
  4214 | D:4      | Killed Crazy Yiuf
  4373 | D:4      | Reached skill level 8 in Stealth
  4373 | D:4      | Reached XP level 7. HP: 36/41 MP: 11/11
  4440 | D:5      | Entered Level 5 of the Dungeon
  4466 | D:5      | Reached skill level 1 in Fighting
  4471 | D:5      | Learned a level 3 spell: Dazzling Spray
  4824 | D:5      | Found a burning altar of Makhleb.
  4898 | D:5      | Found a sacrificial altar of Ru.
  4928 | D:5      | Reached skill level 1 in Conjurations
  5073 | D:5      | Reached XP level 8. HP: 45/50 MP: 12/12
  5190 | D:5      | Found a white marble altar of Elyvilon.
  5275 | D:4      | Found a basalt altar of Yredelemnul.
  5275 | D:4      | Found a snail-covered altar of Cheibriados.
  5275 | D:4      | Noticed Edmund
  5284 | D:4      | Killed Edmund
  5537 | D:6      | Noticed nublet's ghost (novice CeFE)
  5635 | D:7      | Noticed an oklob plant
  5939 | D:8      | Reached XP level 9. HP: 56/56 MP: 13/13
  5984 | D:7      | Reached skill level 9 in Stealth
  6209 | D:7      | Reached skill level 5 in Short Blades
  6697 | D:7      | Found a shadowy altar of Dithmenos.
  6702 | D:7      | Became a worshipper of Dithmenos the Shadowed
  6709 | D:7      | Found an iron altar of Okawaru.
  6796 | D:7      | Noticed Duvessa
  6803 | D:7      | Noticed Dowan
  7210 | D:6      | Found Josaa's Jewellery Boutique.
  7269 | D:6      | Found a shimmering altar of Xom.
  7579 | D:6      | Found a staircase to the Ecumenical Temple.
  7602 | D:6      | Bought a +3 ring of protection for 210 gold pieces
  7789 | D:6      | Reached skill level 10 in Stealth
  8899 | D:8      | Reached XP level 10. HP: 63/63 MP: 14/14
  9015 | D:9      | Reached skill level 11 in Stealth
  9158 | D:9      | Reached * piety under Dithmenos
  9328 | D:10     | Entered Level 10 of the Dungeon
  9624 | D:10     | Reached skill level 12 in Stealth
  9629 | D:10     | Learned a level 3 spell: Ozocubu's Armour
  9818 | D:10     | Reached skill level 1 in Charms
  9915 | D:10     | Noticed a hill giant
  9917 | D:10     | Reached skill level 5 in Spellcasting
  9921 | D:10     | Killed a hill giant
  9926 | D:10     | Reached XP level 11. HP: 62/67 MP: 19/19
  9974 | D:10     | Reached ** piety under Dithmenos
 10347 | D:10     | Noticed an obsidian statue
 10378 | D:10     | Reached skill level 5 in Dodging
 10582 | D:10     | Got a jewelled scimitar
 10598 | D:10     | Identified the +5 scimitar "Ywe Noex" {drain, rF+ rN+ Int+4} (You found it on level 10 of the Dungeon)
 10670 | D:11     | Noticed Snorg
 10673 | D:11     | Noticed Maurice
 10721 | D:10     | Noticed a hill giant
 10927 | D:11     | Reached skill level 1 in Long Blades
 11104 | D:11     | Noticed a hill giant
 11109 | D:11     | Killed a hill giant
 11209 | D:11     | Noticed a brown ugly thing
 11227 | D:11     | Killed a brown ugly thing
 11244 | D:11     | Reached *** piety under Dithmenos
 11567 | D:11     | Found a staircase to the Orcish Mines.
 11824 | D:11     | Killed Snorg
 12068 | D:11     | Noticed an eight-headed hydra
 12092 | D:11     | Killed an eight-headed hydra
 12092 | D:11     | Reached skill level 13 in Stealth
 12971 | D:11     | Killed Maurice
 13070 | D:11     | Found a staircase to the Orcish Mines.
 13178 | D:9      | Reached XP level 12. HP: 44/72 MP: 9/21
 13186 | D:9      | Reached skill level 14 in Stealth
 13287 | D:9      | Noticed Psyche
 13760 | D:9      | Killed Psyche
 13760 | D:9      | Reached skill level 5 in Long Blades
 13776 | D:9      | Found a staircase to the Lair.
 13849 | D:9      | Noticed Joseph
 13859 | D:9      | Killed Joseph
 13953 | D:6      | Bought the ring "Ebrabo Bourch" {rElec rPois rN+} for 382 gold pieces
 14129 | D:3      | Reached **** piety under Dithmenos
 14209 | D:3      | Killed ater218's ghost
 14390 | D:3      | Learned a level 5 spell: Silence
 14915 | D:9      | Found Leent's Distillery.
 14951 | D:9      | Reached skill level 1 in Air Magic
 15087 | Lair:1   | Entered Level 1 of the Lair of Beasts
 16120 | Lair:2   | Found a labyrinth entrance.
 16133 | Lab      | Entered a labyrinth
 16832 | Lab      | Noticed a minotaur
 16836 | Lab      | Killed a minotaur
 16851 | Lair:2   | Identified a +4 rod of inaccuracy (9/9) (You found it in a labyrinth)
 16852 | Lair:2   | Identified a +4 rod of ignition (12/12) (You found it in a labyrinth)
 16917 | Lair:2   | Reached skill level 5 in Fighting
 16968 | Lair:2   | Learned a level 6 spell: Darkness
 16969 | Lair:2   | Got a brightly glowing falchion
 16970 | Lair:2   | Identified the cursed +2 falchion "Linikis" {venom, rPois Dex+4} (You found it on level 2 of the Lair of Beasts)
 17274 | Lair:2   | Reached XP level 13. HP: 81/81 MP: 23/23
 18145 | Lair:3   | Found a staircase to the Snake Pit.
 18383 | Lair:3   | Found a staircase to the Shoals.
 19009 | Lair:4   | Reached skill level 10 in Hexes
 19074 | Lair:5   | Reached skill level 15 in Stealth
 19162 | Lair:5   | Got a scorched silver ring
 19164 | Lair:5   | Identified the ring "Siycek" {Wiz *Corrode rC+ Str+2 Int+4} (You found it on level 5 of the Lair of Beasts)
 20598 | Lair:6   | Reached ***** piety under Dithmenos
 20910 | Lair:6   | Reached skill level 1 in Invocations
 21177 | Lair:6   | Reached XP level 14. HP: 90/90 MP: 24/24
 22775 | Lair:7   | Reached skill level 5 in Invocations
 22778 | Lair:8   | Entered Level 8 of the Lair of Beasts
 24005 | Orc:1    | Entered Level 1 of the Orcish Mines
 24052 | Orc:1    | Found Liorphir's Antique Armour Boutique.
 24132 | Orc:1    | Found Xeir's Armour Shoppe.
 24197 | Orc:2    | Entered Level 2 of the Orcish Mines
 24206 | Orc:2    | Found Yptang's Assorted Antiques.
 24236 | Orc:2    | Mangled by an orc warrior

Vault maps used:
D:1:      minmay_arrival_nine_rooms
D:2:      hangedman_decor_points
D:4:      nicolae_overflow_hidden_temple, marbit_many_paths,
          uniq_crazy_yiuf_cottage, uniq_robin, uniq_edmund
D:5:      old_standard_altar, kennysheep_mini, basic_altar, first_bread
D:6:      minmay_temple_entry_trees, serial_shops, shop, tgw_xom
D:7:      lemuel_slime, minitemple, uniq_duvessa
D:8:      enter_ossuary_5, hangedman_pestilent_swarm, st_stairs_5
D:9:      david_lair_generic, serial_shops, kennysheep_mini_moat, nrook_uturn,
          nrook_mini_backslash, uniq_joseph, uniq_psyche
D:10:     minmay_protected_statue
D:11:     hiddenorc1_lemuel, serial_bayou_lagoon_a, kennysheep_cluttered_room,
          pond, uniq_snorg, uniq_maurice
Lair:2:   lab_entry_generic, serial_bayou_shore_a
Lair:3:   minmay_shoals_entry_hut, guppyfry_snake_entry_garden
Lair:6:   grunt_megastairs_4
Lair:7:   infiniplex_staircase_pool_2
Lair:8:   hangedman_lair_caniforms_friends, hangedman_lair_tendril_chambers,
          slime_dummy, lemuel_fruit_tree
Orc:1:    serial_shops, nicolae_shop_crystal, nicolae_shop_behind_doors
Orc:2:    st_orc_open, basic_altar, serial_shops, nicolae_shop_trees,
          nicolae_shop_statue_plus, nicolae_shop_overgrown_old_shop, shop
Lab:      labyrinth_skeletal_remains, nicolae_lab_very_dead_end,
          nicolae_lab_do_over, lab_block, nicolae_lab_swirl, nicolae_lab_lava,
          nicolae_lab_arrow, nicolae_lab_stuck, nicolae_lab_dead_end,
          nicolae_lab_blocks

Action                   |  1- 3 |  4- 6 |  7- 9 | 10-12 | 13-15 || total
-------------------------+-------+-------+-------+-------+-------++-------
Melee: Dagger            |    99 |   105 |   296 |   555 |   232 ||  1287
       Scimitar          |       |       |       |    16 |    73 ||    89
 Fire: Blowgun           |       |       |       |     2 |       ||     2
Throw: Stone             |     4 |       |       |     1 |       ||     5
       Tomahawk          |       |       |       |     4 |       ||     4
 Cast: Corona            |     1 |       |     1 |       |       ||     2
       Ensorcelled Hiber |     1 |    14 |    52 |   121 |   151 ||   339
       Confuse           |       |     2 |    14 |    30 |    19 ||    65
       Tukima's Dance    |       |       |       |     4 |       ||     4
       Ozocubu's Armour  |       |       |       |     1 |       ||     1
       Darkness          |       |       |       |       |     1 ||     1
Invok: Shadow Step       |       |       |       |       |     3 ||     3
Evoke: Deck              |       |       |       |       |     2 ||     2
  Use: Scroll            |     2 |     6 |     7 |    12 |       ||    27
       Potion            |       |       |       |     5 |       ||     5
 Stab: Sleeping          |    10 |    27 |    53 |   125 |   151 ||   366
       Distracted        |       |     1 |     1 |     4 |     3 ||     9
       Confused          |       |       |     9 |    20 |    12 ||    41
  Eat: Chunk             |     4 |     8 |    14 |    26 |    21 ||    73
       Meat ration       |       |       |     1 |       |       ||     1
       Pizza             |       |       |       |     2 |       ||     2
       Fruit             |       |       |       |     5 |       ||     5
